Map: Opérations galactiques EC

Players

zidar

  • Race: Zerg Zerg
  • League: Platinum
  • Spawn Location: 7:00

harrnlol - Winner!

  • Race: Zerg Zerg
  • League: Platinum
  • Spawn Location: 1:00

VOD

Have the link to the VOD?

Description

Time

  • Played on: Nov. 4, 2016, 4:32 p.m.
  • Length: 8:29
Show
View Real Time Build Order
Export as new Build Order

zidar Zerg 

Build Orders: 1 Base Baneling Bust, Pool First, Zergling Baneling 

Get SALT Encoding   

  12  0:01  Drone  
  13  0:08  Drone  
  14  0:14  Extractor  
  14  0:16  Drone  
  14  0:37  Spawning Pool, Drone  
  14  0:47  Overlord  
  14  0:57  Overlord  
  14  1:24  Queen, Metabolic Boost  
  16  1:27  Zergling x2  
  17  1:34  Zergling x2  
  17  1:35  Zergling x2  
  19  1:40  Zergling x2  
  20  1:50  Zergling x2  
  21  2:04  Baneling Nest, Zergling x2  
  21  2:12  Zergling x2  
  22  2:24  Zergling x2  
  23  2:33  Zergling x6  
  26  2:45  Zergling x2  
  27  3:01  Zergling x2  
  28  3:13  Baneling  
  28  3:14  Baneling x3  
  28  3:15  Baneling  
  21  3:31  Zergling x6  
  19  3:53  Zergling x4  
  21  4:04  Hatchery  
  19  4:24  Zergling x12  
  24  4:27  Baneling  
  24  4:28  Baneling x2  
  20  5:07  Drone x5  
  25  5:20  Zergling x2  
  26  5:24  Zergling x2  
  27  5:31  Baneling x2  
  27  5:32  Baneling  
  17  6:27  Queen  
  19  6:38  Lair  
  19  6:42  Drone x7  
  19  6:43  Extractor  
  25  7:00  Drone x2  
  27  7:07  Drone x2  
  30  7:15  Zergling x2  
  30  7:16  Zergling x2  
  30  7:19  Baneling x3  
  32  7:22  Zergling x2  
  32  7:26  Zergling x2  
  33  7:30  Zergling x2  
  25  7:59  Zergling x14  
Show
View Real Time Build Order
Export as new Build Order

harrnlol Zerg - Winner!

Build Orders: Pool First, Zergling Baneling 

Get SALT Encoding   

  12  0:01  Drone  
  13  0:13  Overlord  
  13  0:18  Drone  
  14  0:31  Drone x2  
  16  0:45  Spawning Pool  
  16  0:46  Drone  
  16  0:50  Extractor  
  16  0:56  Drone  
  16  1:00  Overlord  
  16  1:10  Drone  
  17  1:33  Zergling x4  
  17  1:34  Hatchery  
  18  1:41  Drone  
  19  1:55  Baneling Nest  
  19  1:56  Zergling x2  
  19  2:01  Queen  
  21  2:08  Drone  
  22  2:22  Zergling x2  
  23  2:25  Metabolic Boost  
  23  2:30  Evolution Chamber  
  23  2:31  Drone  
  23  2:32  Extractor  
  23  2:34  Zergling x2  
  23  2:47  Baneling  
  23  2:48  Zergling x4  
  25  3:00  Drone x2  
  27  3:06  Zergling x2  
  27  3:09  Baneling x4  
  27  3:11  Zergling x2  
  29  3:26  Baneling  
  26  3:29  Zergling x6  
  28  3:40  Zergling x6  
  21  3:50  Drone  
  21  3:53  Baneling  
  22  4:01  Baneling  
  22  4:02  Baneling  
  22  4:03  Baneling  
  22  4:09  Drone x2  
  24  4:25  Drone x3  
  24  4:29  Baneling  
  24  4:30  Baneling  
  26  4:42  Zergling x6  
  27  4:54  Zergling x4  
  27  4:55  Zergling x4  
  27  4:59  Drone  
  30  5:02  Baneling  
  30  5:05  Drone  
  31  5:14  Zergling x6  
  31  5:20  Zerg Melee Weapons Level 1  
  34  5:25  Drone  
  35  5:34  Zergling x2  
  36  5:36  Overlord  
  36  5:46  Baneling x3  
  36  5:55  Zergling x8  
  36  6:12  Zergling x2  
  36  6:13  Zergling x6  
  36  6:18  Zergling x4  
  41  6:29  Drone x2  
  43  6:39  Baneling x4  
  43  6:41  Overlord  
  43  6:48  Spore Crawler  
  43  6:50  Drone  
  43  6:54  Baneling x2  
  43  7:02  Zergling x8  
  43  7:03  Zergling x4  
  49  7:21  Lair  
  49  7:22  Queen  
  51  7:27  Overlord x2  
  51  7:44  Overlord x2  
  40  7:55  Zergling x2  
  40  7:56  Zergling x6  
  43  8:01  Zergling x4  
  44  8:10  Baneling  
Tags
 
Add a new tag
Caveats
  • Supply blocks, unpowered buildings, or Contaminate may cause inaccurate times.
  • Supply counts are checked every 10 seconds.